Map: Nightshade LE

Players

ViBE - Winner!

  • Race: Terran Terran
  • League: Diamond
  • Spawn Location: 5:00

SirUwU

  • Race: Zerg Zerg
  • League: Diamond
  • Spawn Location: 11:00

VOD

Have the link to the VOD?

Description

Time

  • Played on: Dec. 23, 2019, 7:15 a.m.
  • Length: 7:10
Show
View Real Time Build Order
Export as new Build Order

ViBE Terran - Winner!

Build Orders: 2 Factory 

Get SALT Encoding   

  12  0:00  SCV  
  13  0:13  SCV  
  14  0:17  Supply Depot  
  14  0:25  SCV  
  15  0:39  SCV  
  15  0:41  Barracks  
  16  0:48  Refinery  
  16  0:51  SCV  
  17  1:03  SCV  
  18  1:15  SCV  
  19  1:28  SCV  
  20  1:36  Reaper  
  21  1:40  Orbital Command  
  21  1:43  Command Center  
  21  1:59  Supply Depot  
  21  2:15  SCV, Factory  
  22  2:18  Refinery  
  22  2:27  SCV  
  22  2:28  Barracks Reactor  
  23  2:39  SCV  
  24  2:51  SCV  
  25  2:56  Orbital Command  
  25  2:59  Supply Depot  
  25  3:02  Factory  
  25  3:03  SCV  
  26  3:15  SCV  
  27  3:21  Hellion x2  
  27  3:22  SCV  
  32  3:27  SCV  
  33  3:34  SCV  
  33  3:39  SCV  
  34  3:41  Barracks Tech Lab  
  34  3:42  Hellion  
  34  3:43  Hellion  
  34  3:46  SCV  
  34  3:47  Supply Depot  
  41  3:51  SCV  
  42  3:58  SCV  
  41  4:03  SCV  
  41  4:07  Hellion x2  
  46  4:10  SCV  
  46  4:13  Infernal Pre-Igniter  
  46  4:14  Cyclone  
  46  4:15  SCV  
  51  4:22  SCV, Supply Depot  
  52  4:28  SCV  
  52  4:31  Command Center  
  55  4:38  Hellion  
  55  4:39  Hellion  
  55  4:43  SCV  
  55  4:44  SCV  
  59  4:46  Supply Depot  
  59  4:59  Cyclone  
  62  5:06  Hellion  
  62  5:07  Hellion  
  66  5:08  Supply Depot  
  66  5:10  SCV x2  
  66  5:13  Factory x2  
  68  5:14  Refinery  
  68  5:15  Factory, Refinery  
  68  5:22  Supply Depot  
  68  5:23  Supply Depot  
  68  5:37  Cyclone, Hellion  
  68  5:38  Hellion  
  75  5:51  SCV x2  
  77  6:02  Factory Reactor, Factory Tech Lab x2, Orbital Command  
  77  6:06  Command Center  
  77  6:13  Cyclone, Hellion x2  
  84  6:39  Hellion x2  
  88  6:41  Hellion x2  
  88  6:44  SCV x3  
  106  7:02  Supply Depot x2  
Show
View Real Time Build Order
Export as new Build Order

SirUwU Zerg 

Build Orders: Hatch First 

Get SALT Encoding   

  12  0:03  Drone  
  13  0:13  Overlord  
  13  0:17  Drone  
  14  0:31  Drone x2  
  16  0:50  Hatchery  
  16  0:52  Drone  
  16  0:55  Drone  
  17  0:59  Drone  
  18  1:10  Extractor  
  17  1:15  Spawning Pool  
  17  1:17  Drone  
  17  1:20  Drone  
  18  1:29  Drone  
  19  1:41  Overlord  
  19  1:56  Drone  
  20  2:01  Queen  
  20  2:02  Queen  
  20  2:05  Zergling x4  
  26  2:14  Metabolic Boost  
  26  2:34  Drone x4  
  26  2:35  Drone x2  
  31  2:47  Zergling x2  
  32  2:54  Evolution Chamber  
  31  3:00  Drone x3  
  34  3:07  Overlord  
  34  3:10  Hatchery  
  33  3:13  Drone x2  
  33  3:15  Overlord  
  35  3:21  Zerg Melee Weapons Level 1  
  35  3:34  Queen x2  
  35  3:36  Drone x4  
  43  3:54  Drone x7  
  50  4:02  Spore Crawler  
  49  4:05  Overlord  
  49  4:13  Spore Crawler  
  49  4:16  Drone  
  49  4:17  Drone  
  50  4:20  Drone  
  50  4:21  Overlord  
  50  4:22  Overlord  
  51  4:27  Queen x2  
  55  4:35  Zergling x8  
  59  4:41  Spore Crawler  
  59  4:42  Drone  
  59  4:43  Drone  
  60  4:49  Baneling Nest  
  59  5:03  Overlord x2  
  59  5:05  Queen x2  
  63  5:09  Overlord  
  63  5:13  Drone  
  64  5:14  Drone x4, Evolution Chamber  
  64  5:15  Drone x4  
  71  5:22  Overlord  
  71  5:23  Zergling x8  
  71  5:26  Zergling x2  
  74  5:51  Drone x3  
  74  5:52  Drone x2  
  74  5:53  Extractor x2  
  77  6:01  Lair  
  77  6:04  Hatchery  
  77  6:08  Zergling x16  
  84  6:20  Queen  
  84  6:21  Queen  
  85  6:52  Zergling x8  
  77  6:54  Drone x2  
  77  6:57  Drone x2  
  71  7:02  Extractor  
Tags
 
Add a new tag
Caveats
  • Supply blocks, unpowered buildings, or Contaminate may cause inaccurate times.
  • Supply counts are checked every 10 seconds.